Map: Kairos Junction LE

Players

Lambo - Winner!

  • Race: Zerg Zerg
  • League: Master
  • Spawn Location: 5:00

Starbuck

  • Race: Zerg Zerg
  • Spawn Location: 11:00

VOD

Have the link to the VOD?

Description

Time

  • Played on: Jan. 27, 2019, 12:44 p.m.
  • Length: 7:32
Show
View Real Time Build Order
Export as new Build Order

Lambo Zerg - Winner!

Build Orders: Hatch First, Zergling Baneling 

Get SALT Encoding   

  12  0:00  Drone  
  13  0:12  Overlord  
  13  0:18  Drone  
  14  0:32  Drone x2  
  16  0:49  Hatchery  
  15  0:52  Drone  
  15  0:55  Drone  
  17  1:08  Spawning Pool  
  17  1:10  Extractor  
  15  1:13  Drone  
  15  1:16  Drone  
  17  1:20  Drone  
  18  1:29  Drone  
  19  1:39  Drone  
  20  1:51  Overlord  
  20  1:54  Queen  
  20  2:01  Queen  
  22  2:02  Drone x2  
  26  2:09  Metabolic Boost  
  26  2:11  Drone x2  
  28  2:23  Zergling x4  
  30  2:34  Hatchery  
  30  2:37  Drone  
  30  2:40  Drone  
  31  2:46  Baneling Nest  
  31  2:48  Drone x2  
  32  2:55  Overlord  
  32  3:01  Zergling x2  
  33  3:07  Drone  
  33  3:08  Zergling x2  
  33  3:09  Zergling x2  
  36  3:13  Zergling x8  
  36  3:16  Overlord  
  40  3:26  Drone x2  
  42  3:28  Queen  
  42  3:31  Baneling x3  
  42  3:32  Baneling  
  44  3:36  Drone x2  
  46  3:43  Drone x3  
  46  3:46  Drone  
  46  3:47  Drone  
  49  3:57  Drone x5  
  53  4:06  Roach Warren  
  51  4:13  Extractor  
  51  4:14  Extractor  
  51  4:16  Drone x3, Zergling x2  
  51  4:17  Zergling x6  
  56  4:22  Zergling x2  
  57  4:27  Baneling x4  
  57  4:28  Overlord  
  57  4:30  Overlord  
  55  4:41  Overlord  
  55  4:44  Overlord  
  54  4:48  Roach x6  
  54  4:52  Roach  
  68  4:56  Roach x2  
  74  5:00  Roach  
  74  5:03  Roach, Zergling x4  
  78  5:07  Baneling  
  78  5:12  Roach  
  78  5:13  Roach  
  80  5:20  Roach x2  
  80  5:24  Roach  
  80  5:25  Roach  
  80  5:28  Zergling x6, Roach  
  78  5:31  Queen  
  78  5:34  Baneling  
  79  5:43  Zergling x4, Roach x2  
  79  5:44  Zergling x2  
  85  5:52  Roach x2  
  87  5:58  Ravager  
  87  6:02  Zergling x4, Roach  
  87  6:03  Zergling x2  
  85  6:08  Zergling x8  
  87  6:11  Zergling x4  
  87  6:14  Ravager  
  89  6:19  Overlord  
  89  6:22  Overlord  
  89  6:40  Ravager x2, Zergling x14  
  89  6:41  Zergling x2  
  98  6:47  Zergling x4  
  98  6:53  Zergling x6  
  103  6:54  Ravager  
  103  7:01  Zergling x4  
  106  7:08  Zergling x2  
  105  7:13  Zergling x6  
  103  7:17  Ravager x3  
Show
View Real Time Build Order
Export as new Build Order

Starbuck Zerg 

Build Orders: Hatch First, Zergling Baneling 

Get SALT Encoding   

  12  0:00  Drone  
  13  0:12  Overlord  
  13  0:20  Drone  
  14  0:31  Drone x2  
  14  0:34  Drone  
  17  0:52  Hatchery  
  17  0:54  Drone  
  17  0:58  Drone  
  18  1:08  Extractor  
  17  1:12  Spawning Pool  
  17  1:15  Drone  
  17  1:18  Drone  
  18  1:27  Drone  
  19  1:38  Overlord  
  19  1:49  Drone  
  20  1:59  Queen  
  20  2:00  Zergling x2  
  23  2:05  Drone, Queen  
  23  2:08  Metabolic Boost  
  26  2:10  Drone  
  26  2:15  Drone  
  28  2:21  Drone  
  29  2:25  Drone  
  30  2:35  Drone  
  31  2:37  Hatchery  
  31  2:38  Drone  
  31  2:44  Baneling Nest  
  31  2:47  Drone  
  31  2:48  Drone  
  32  2:54  Overlord  
  32  2:59  Zergling x2  
  32  3:04  Drone  
  34  3:07  Drone x2  
  36  3:13  Drone x3  
  36  3:14  Drone  
  36  3:15  Overlord  
  36  3:17  Zergling x2  
  41  3:28  Baneling  
  41  3:29  Queen  
  41  3:31  Extractor  
  41  3:33  Roach Warren  
  41  3:34  Zergling x2  
  41  3:37  Zergling x4  
  41  3:40  Baneling x2  
  44  3:44  Zergling x6  
  46  3:53  Zergling x8  
  49  3:59  Baneling x2  
  44  4:12  Overlord  
  44  4:14  Roach  
  44  4:15  Roach x2  
  44  4:16  Overlord  
  50  4:22  Baneling x3  
  50  4:31  Zergling x2  
  50  4:32  Zergling x12  
  56  4:39  Zergling x2  
  56  4:44  Zergling x2  
  58  4:47  Baneling x2  
  58  4:48  Baneling  
  58  4:49  Baneling  
  58  4:54  Zergling x12  
  58  4:59  Zergling x2  
  65  5:02  Baneling  
  65  5:03  Baneling  
  58  5:16  Zergling x6  
  58  5:17  Zergling x4  
  58  5:19  Zergling x2  
  60  5:24  Drone x2  
  54  5:29  Drone x3  
  54  5:34  Drone  
  56  5:36  Drone  
  56  5:43  Drone  
  56  5:45  Drone x2  
  56  5:48  Hatchery  
  57  5:50  Drone x2  
  56  5:57  Roach  
  56  5:58  Roach  
  56  6:03  Roach x3  
  62  6:08  Roach  
  62  6:09  Extractor  
  61  6:11  Roach  
  61  6:13  Spine Crawler  
  61  6:17  Evolution Chamber  
  61  6:18  Baneling x2  
  60  6:20  Roach x3  
  60  6:24  Baneling  
  66  6:29  Overlord  
  66  6:30  Zergling x2  
  67  6:39  Overlord  
  66  6:42  Overlord  
  66  6:44  Roach  
  67  6:49  Roach x3  
  67  6:50  Roach x2  
  75  6:57  Baneling  
  75  6:59  Roach  
  75  7:00  Overlord  
Tags
 
Add a new tag
Caveats
  • Supply blocks, unpowered buildings, or Contaminate may cause inaccurate times.
  • Supply counts are checked every 10 seconds.